 Dungeon Crawl Stone Soup version 0.24-a0-160-gfa3a8d6 (webtiles) character file.

Game seed: 8433816340381976989

29 galech the Skirmisher (level 3, 29/29 HPs)
             Began as a Demonspawn Fighter on Mar 5, 2019.
             Quit the game on level 1 of the Dungeon.
             The game lasted 00:00:51 (574 turns).

galech the Skirmisher (Demonspawn Fighter)           Turns: 574, Time: 00:00:52

Health: 29/29      AC:  6    Str: 16    XL:     3   Next: 1%
Magic:  3/3        EV:  6    Int:  9    God:
Gold:   42         SH:  8    Dex: 13    Spells: 2/2 levels left

rFire    . . .     SeeInvis .   a - +0 war axe
rCold    . . .     Gourm    .   c - +0 shield
rNeg     . . .     Faith    .   b - +0 scale mail
rPois    .         Spirit   .   (helmet restricted)
rElec    .         Reflect  .   (no cloak)
rCorr    .         Harm     .   (no gloves)
MR       .....                  (no boots)
Stlth    ..........             l - amulet of regeneration (curse)
HPRegen  0.49/turn              (no ring)
MPRegen  0.08/turn              (no ring)

@: no status effects
A: hooves 1, horns 1
a: no special abilities


You were on level 1 of the Dungeon.
You were not hungry.

You visited 1 branch of the dungeon, and saw 1 of its levels.

You collected 42 gold pieces.

Inventory:

Hand Weapons
 a - a +0 war axe (weapon)
Armour
 b - a +0 scale mail (worn)
 c - a +0 shield (worn)
Jewellery
 l - a cursed amulet of regeneration (around neck)
Scrolls
 e - a scroll of remove curse {unknown}
 h - a scroll of amnesia {unknown}
 i - 3 scrolls of identify {unknown}
 m - a scroll of magic mapping {unknown}
Potions
 d - 2 potions of might
 j - a potion of curing {unknown}
 k - 2 potions of haste {unknown}
 n - a potion of heal wounds {unknown}
Comestibles
 f - 5 rations
 g - 4 chunks of flesh


   Skills:
 + Level 3.3 Fighting
 + Level 2.3 Axes
 + Level 3.0 Armour
 + Level 0.2 Dodging
 + Level 2.8 Shields


You had 2 spell levels left.
You didn't know any spells.
Your spell library was empty.

Dungeon Overview and Level Annotations

Branches:
Dungeon (1/15)

Altars:


Innate Abilities, Weirdness & Mutations

You have large cloven feet.
You have a pair of small horns on your head.


Message History

g - 4 chunks of flesh (gained 2)
Things that are here:
a +0 dagger; a goblin skeleton A kobold comes into view.
It is wielding a +0 dagger.
Things that are here:
a +0 short sword; 5 stones A kobold is nearby!
You see here a smoky brown potion.
You closely miss the kobold. You kick the kobold, but do no damage.
You block the kobold's attack. The kobold completely misses you.
You hit the kobold.
You kill the kobold!
You have reached level 3!
Your experience leads to an increase in your attributes!
Increase (S)trength, (I)ntelligence, or (D)exterity?
You feel agile.
Your demonic ancestry asserts itself...
A pair of horns grows on your head!
n - a smoky brown potion You see here a +0 dagger.
Are you sure you want to abandon this character and quit the game? (Confirm with "yes".)

#.....#..########.##.####
#.....#).# #.##.#
###.###..# #.##.# #.(#
#..# #.##.# #.## #.)#
#.##.# #.####..# #.##.#
........# ..##.#
..#####.# #@# #. #$#. #.#
#.#. #(# #.#.###### #.#
#.#[.....# #.#
#........#### #.#
####.........
#.########.....#########
#..÷..................÷.


There were no monsters in sight!

Vanquished Creatures
  A leopard gecko (D:1)
  2 giant cockroaches (D:1)
  4 goblins (D:1)
  3 hobgoblins (D:1)
  4 jackals (D:1)
  3 bats (D:1)
  A frilled lizard (D:1)
  3 kobolds (D:1)
  4 rats (D:1)
25 creatures vanquished.

Notes
Turn   | Place    | Note
-------+----------+-------------------------------------------
     0 | D:1      | galech the Demonspawn Fighter began the quest for the Orb.
     0 | D:1      | Reached XP level 1. HP: 18/18 MP: 1/1
    66 | D:1      | Gained mutation: You have large cloven feet. [demonic
                  | ancestry]
    66 | D:1      | Reached XP level 2. HP: 12/24 MP: 2/2
   571 | D:1      | Gained mutation: You have a pair of small horns on your
                  | head. [demonic ancestry]
   571 | D:1      | Reached XP level 3. HP: 29/29 MP: 3/3
   574 | D:1      | Quit the game

Levels and vault maps discovered:
D:1:      nzn_arrival_depleted_hourglass, layout_loops_ring

Skill      XL: |  1  2 |
---------------+-------+-----
Axes           | 2 |  2.3
Armour         | 3 |  3.0
Fighting       | |  3.3
Dodging        | |  0.2
Shields        | |  2.8

Action                   || total
-------------------------++-------
Melee: War axe           ||    61
       Kick              ||     8
Armor: Scale mail        ||    34
Dodge: Dodged            ||    20
Block: Shield            ||    33

Table legend:
 A = Non-vault XP
 B = Vault XP
 C = Vault XP percentage of total XP
 D = Non-vault monster count
 E = Vault monster count
 F = Vault count percentage of total count
                 A         B        C        D         E       F
            +---------+---------+-------+---------+---------+-------
      Total |      42 |       0 |   0.0 |      25 |       0 |   0.0
            +---------+---------+-------+---------+---------+-------
        D:1 |      42 |       0 |   0.0 |      25 |       0 |   0.0
            +---------+---------+-------+---------+---------+-------
